 Dungeon Crawl Stone Soup version 0.23-a0-54-gae6112e (webtiles) character file.

18 galech the Covered (level 2, 0/29 HPs)
             Began as a Gnoll Wanderer on Aug 8, 2018.
             Slain by an adder (3 damage)
             ... on level 1 of the Dungeon.
             The game lasted 00:01:03 (479 turns).

galech the Covered (Gnoll Wanderer)                  Turns: 479, Time: 00:01:03

Health: 0/29       AC:  4    Str: 15    XL:     2   Next: 66%
Magic:  2/2        EV: 11    Int: 15    God:
Gold:   89         SH:  0    Dex: 12    Spells: 2/2 levels left

rFire    . . .     SeeInvis .   j - +0 hand axe
rCold    . . .     Gourm    .   (no shield)
rNeg     . . .     Faith    .   f - +0 robe
rPois    .         Spirit   .   (no helmet)
rElec    .         Reflect  .   (no cloak)
rCorr    .         Harm     .   (no gloves)
MR       .....                  (no boots)
Stlth    ++........             (no amulet)
HPRegen  0.09/turn              l - +2 ring of protection
MPRegen  0.08/turn              (no ring)

@: lethally poisoned (0 -> -2)
A: distributed training, fangs 1, strong nose
a: no special abilities


You were on level 1 of the Dungeon.
You were not hungry.

You visited 1 branch of the dungeon, and saw 2 of its levels.

You collected 89 gold pieces.

Inventory:

Hand Weapons
 b - a +2 blowgun
 c - a +0 shortbow
 j - a +0 hand axe (weapon)
Missiles
 a - 3 curare-tipped needles
 d - 28 arrows
Armour
 f - a +0 robe (worn)
Jewellery
 l - a +2 ring of protection (left hand)
Scrolls
 e - a scroll of teleportation
 h - a scroll of enchant weapon {unknown}
 i - a scroll of fear {unknown}
 n - 2 scrolls of enchant armour {unknown}
 o - a scroll of immolation {unknown}
Potions
 m - a potion of curing {unknown}
Comestibles
 g - 3 rations
 k - 3 chunks of flesh


   Skills:
 + Level 6.5 Fighting
 + Level 0.5 Short Blades
 + Level 0.5 Long Blades
 + Level 0.5 Axes
 + Level 0.5 Maces & Flails
 + Level 0.5 Polearms
 + Level 0.5 Staves
 + Level 0.5 Slings
 + Level 2.5 Bows
 + Level 0.5 Crossbows
 + Level 2.5 Throwing
 + Level 6.5 Armour
 + Level 0.5 Dodging
 + Level 2.3 Stealth
 + Level 2.5 Shields
 + Level 0.5 Unarmed Combat
 + Level 0.5 Spellcasting
 + Level 0.3 Conjurations
 + Level 0.3 Hexes
 + Level 0.3 Charms
 + Level 0.3 Summonings
 + Level 0.3 Necromancy
 + Level 0.3 Translocations
 + Level 0.3 Transmutations
 + Level 0.3 Fire Magic
 + Level 0.3 Ice Magic
 + Level 0.3 Air Magic
 + Level 0.3 Earth Magic
 + Level 0.3 Poison Magic
 + Level 0.6 Invocations
 + Level 0.5 Evocations


You had 2 spell levels left.
You didn't know any spells.
Your spell library was empty.

Dungeon Overview and Level Annotations

Branches:
Dungeon (2/15)

Altars:


Innate Abilities, Weirdness & Mutations

Your experience applies equally to all skills.
You have very sharp teeth.
Your uncanny sense of smell can sniff out nearby items.


Message History

You are too injured to fight recklessly!
You are too injured to fight recklessly!
You are too injured to fight recklessly!
You are too injured to fight recklessly!
You are too injured to fight recklessly!
You are too injured to fight recklessly!
The adder bites you.
* * * LOW HITPOINT WARNING * * *
The kobold hits you but does no damage. The adder misses you.
The hobgoblin closely misses you.
You climb upwards.
There is a stone staircase leading down here.
The adder bites you.
* * * LOW HITPOINT WARNING * * *
You are poisoned.
The adder poisons you! The kobold barely misses you.
* * * LOW HITPOINT WARNING * * *
You feel sick. The adder bites you.
You die...

##)..........#..........#....##
##...#....#......###.###.##.##
#####.#########.....>##.##..#
#...## ##.......#.##... ###..#
#.........^##..# ##.#
#..........###.. #.##
#...)......# ###
#..####..........# #
##...@SK.........# #
######g.........# #######
#>......(..# #.....#
#..........# #.....#
#.......(..# #.....#
#........(.# #.....#
##.......#.#
#....)########......#.###
#....)......(...........###


You could see an adder, a hobgoblin and a kobold.

Vanquished Creatures
  2 giant cockroaches (D:1)
  3 goblins
  4 hobgoblins
  2 kobolds (D:1)
  2 bats (D:1)
  3 rats (D:1)
16 creatures vanquished.

Notes
Turn   | Place    | Note
-------+----------+-------------------------------------------
     0 | D:1      | galech the Gnoll Wanderer began the quest for the Orb.
     0 | D:1      | galech set off with: 3 curare-tipped needles, a +2 blowgun, a +0 shortbow, 28 arrows, a scroll of teleportation, a +0 robe, a ration
     0 | D:1      | Reached XP level 1. HP: 23/23 MP: 1/1
   208 | D:1      | Reached XP level 2. HP: 27/29 MP: 2/2
   479 | D:1      | Slain by an adder

Vault maps used:
D:1:      dpeg_arrival_orchard
D:2:      lemuel_round_altar

Action                   || total
-------------------------++-------
Melee: Hand axe          ||    43
       Bite              ||     2
 Fire: Blowgun           ||     2
 Stab: Sleeping          ||     1
Armor: Robe              ||    12
Dodge: Dodged            ||    32

Table legend:
 A = Spawn XP
 B = Non-spawn XP
 C = Spawn XP percentage of total XP
 D = Spawn monster count
 E = Non-spawn monster count
 F = Spawn count percentage of total count
 G = Total turns spent on level
                    A         B        C        D         E        F      G
               +---------+---------+-------+---------+---------+-------+---------
         Total |       0 |      26 |   0.0 |       0 |      16 |   0.0 |   479
               +---------+---------+-------+---------+---------+-------+---------
           D:1 |       0 |      22 |   0.0 |       0 |      14 |   0.0 |   469
           D:2 |       0 |       4 |   0.0 |       0 |       2 |   0.0 |    10
               +---------+---------+-------+---------+---------+-------+---------
